 Dungeon Crawl Stone Soup version 0.29-a0-352-g0917bc69df (webtiles) character file.

Game seed: 2890373252364464037

41 Querens the Conjurer (level 3, -4/19 HPs)
             Began as a Deep Elf Conjurer on Apr 24, 2022.
             Killed from afar by Sigmund (10 damage)
             ... with a puff of flame
             ... on level 2 of the Dungeon.
             The game lasted 00:03:43 (1039 turns).

Querens the Conjurer (Deep Elf Conjurer)            Turns: 1039, Time: 00:03:43

Health: -4/19      AC:  5    Str:  4    XL:     3   Next: 32%
Magic:  2/10       EV: 12    Int: 30    God:
Gold:   131        SH:  0    Dex: 13    Spells: 7/10 levels left

rFire   . . .      SeeInvis .   (no weapon)
rCold   . . .      Faith    .   (no shield)
rNeg    . . .      Spirit   .   f - +2 robe {Will+}
rPois   .          Reflect  .   (no helmet)
rElec   .          Harm     .   (no cloak)
rCorr   .          Rampage  .   h - +0 pair of gloves
Will    +....                   (no boots)
Stlth   ++........              (no amulet)
HPRegen 0.06/turn               i - +6 ring of intelligence
MPRegen 0.12/turn               (no ring)

@: no status effects
A: no striking features
a: no special abilities


You were on level 2 of the Dungeon.
You visited 1 branch of the dungeon, and saw 2 of its levels.

You collected 131 gold pieces.

Inventory:

Armour
 f - a +2 robe of willpower (worn)
 h - a +0 pair of gloves (worn)
 m - the +1 ring mail of Ashenzari's Fury {rElec rPois rN+ Will+}
   (You found it on level 2 of the Dungeon)

   rElec:     It insulates you from electricity.
   rPois:     It protects you from poison.
   rN:        It protects you from negative energy.
   Will:      It increases your willpower.
Jewellery
 i - a +6 ring of intelligence (left hand)
Scrolls
 c - a scroll of fear {unknown}
 j - a scroll of teleportation {unknown}
 k - a scroll of silence {unknown}
Potions
 a - a potion of curing {unknown}
 b - a potion of magic
 d - a potion of degeneration {unknown}
 e - a potion of lignification {unknown}
 g - a potion of attraction {unknown}
 l - a potion of might {unknown}


   Skills:
 - Level 2.4 Dodging
 - Level 2.4 Stealth
 + Level 4.2 Spellcasting
 + Level 5.1 Conjurations


You had 7 spell levels left.
You knew the following spells:

 Your Spells              Type           Power      Damage    Failure   Level
a - Magic Dart            Conj           100%       1d8       1%          1
b - Searing Ray           Conj           74%        2d7       1%          2

Your spell library contained the following spells:

 Spells                   Type           Power      Damage    Failure   Level
 Dazzling Flash           Conj/Hex       42%        N/A       7%          3
 Fulminant Prism          Conj/Hex       10%        3d9       22%         4
 Iskenderun's Mystic Bla  Conj/Tloc      21%        2d6       22%         4


Dungeon Overview and Level Annotations

Branches:
Dungeon (2/15)

Altars:

Annotations:
D:2 Sigmund


Message History

The magic dart hits the endoplasm.
The endoplasm is heavily wounded.
The endoplasm quivers.
Unknown command.
Casting: Magic Dart (safe; 1% risk of failure)
Confirm with . or Enter, or press ? or * to list all spells.
Aiming: Magic Dart (safe; 1% risk of failure)
Press: ? - help, Shift-Dir - straight line, f/p - endoplasm
Aim: an endoplasm (heavily wounded, 100% to hit)
The magic dart hits the endoplasm!
You kill the endoplasm!
Unknown command.
You now have 131 gold pieces (gained 16).
Found a crude ring mail and a dagger.
Found 3 gold pieces.
Found a stone staircase leading down.
l - a black potion Sigmund the Dreaded comes into view.
He is wielding a +0 scythe.
Sigmund casts a spell at you. The puff of flame hits you.
You see here the +1 ring mail of Ashenzari's Fury {rElec rPois rN+ Will+}.
m - the +1 ring mail of Ashenzari's Fury {rElec rPois rN+ Will+}
Casting: Magic Dart (safe; 1% risk of failure)
Confirm with . or Enter, or press ? or * to list all spells.
Aiming: Searing Ray (safe; 1% risk of failure)
Press: ? - help, Shift-Dir - straight line, f - Sigmund
Aim: Sigmund, wielding a +0 scythe and wearing a +0 robe (78% to hit)
The searing ray misses Sigmund. (Press . to maintain the ray.) Sigmund gestures at you while chanting.
The puff of flame hits you!
The searing ray hits Sigmund!
Sigmund is moderately wounded.
Sigmund casts a spell at you. The puff of flame misses you.
The searing ray hits Sigmund!
Sigmund is severely wounded.
Sigmund points at you and mumbles some strange words.
The puff of flame hits you!
Ouch! That really hurt!
You die...

..#####.... .#
##.#.........##.#
...#...$........###
...>..............
..@...).....#.....
#.........#....
#............^.
#..........#
#...@......######
#.#####....#....#####
#...............†....
######....#....#####
#....#....#
#....#....#
######....# #....#
#....#


You could see Sigmund.

Vanquished Creatures
  4 worms (D:2)
  A dart slug (D:1)
  A ball python (D:1)
  2 endoplasms
  A giant cockroach (D:1)
  2 goblins
  3 hobgoblins
  3 kobolds
  3 quokkas
  3 frilled lizards
  3 rats
26 creatures vanquished.

Notes
Turn   | Place    | Note
-------+----------+-------------------------------------------
     0 | D:1      | Querens the Deep Elf Conjurer began the quest for the Orb.
     0 | D:1      | Reached XP level 1. HP: 10/10 MP: 6/6
   243 | D:1      | Reached XP level 2. HP: 15/15 MP: 4/8
   256 | D:1      | Found a faded altar of an unknown god.
   546 | D:1      | Learned a level 2 spell: Searing Ray
   917 | D:2      | Reached skill level 5 in Conjurations
   947 | D:2      | Reached XP level 3. HP: 19/19 MP: 2/10
  1034 | D:2      | Noticed Sigmund
  1035 | D:2      | Identified the +1 ring mail of Ashenzari's Fury {rElec
                  | rPois rN+ Will+}
  1039 | D:2      | Killed from afar by Sigmund

Illustrated notes

Levels and vault maps discovered:
D:1:      dpeg_arrival_boxorama, layout_loops_ring,
          ebering_ecumenical_altar_mist, minmay_door_square
D:2:      layout_basic, uniq_sigmund

Skill      XL: |  1  2 |
---------------+-------+-----
Spellcasting   | 4 |  4.2
Conjurations   | 5 |  5.1
Dodging        | |  2.4
Stealth        | |  2.4

Action                   || total
-------------------------++-------
 Cast: Magic Dart        ||    35
       Searing Ray       ||     6
Armor: Robe              ||     2
Dodge: Dodged            ||     4

Table legend: (Time is in decaauts)
 A = Elapsed time spent in this place.
 B = Non-inter-level travel time spent in this place.
 C = Inter-level travel time spent in this place.
 D = Time resting spent in this place.
 E = Time spent auto-exploring this place.
 F = Levels seen in this place.
 G = Mean time per level.
                   A        B        C        D        E       F      G
               +--------+--------+--------+--------+--------+-----+--------+
         Total |   1038 |    842 |    196 |     10 |      0 |   2 |  519.0 |
       Dungeon |   1038 |    842 |    196 |     10 |      0 |   2 |  519.0 |
               +--------+--------+--------+--------+--------+-----+--------+

Top non-repeatable levels by time:
     D:1: 755 daAuts
     D:2: 283 daAuts
